 Dungeon Crawl Stone Soup version 0.28.0-47-ge53b351184 (webtiles) character file.

Game seed: 12443120632924402144

241 bobregger the Skirmisher (level 6, -5/100 HPs)
             Began as an Ogre Berserker on May 1, 2022.
             Was a Follower of Trog.
             Slain by a gnoll
             ... wielding a +0 halberd
              (10 damage)
             ... on level 5 of the Dungeon.
             The game lasted 00:02:49 (1820 turns).

bobregger the Skirmisher (Ogre Berserker)           Turns: 1820, Time: 00:02:49

Health: -5/100     AC:  3    Str: 22    XL:     6   Next: 8%
Magic:  6/6        EV: 10    Int:  8    God:    Trog [*.....]
Gold:   93         SH:  0    Dex: 10    Spells: 5/5 levels left

rFire   . . .      SeeInvis .   h - +3 whip
rCold   . . .      Faith    .   (no shield)
rNeg    . . .      Spirit   .   b - +0 animal skin
rPois   .          Reflect  .   (helmet restricted)
rElec   .          Harm     .   (no cloak)
rCorr   .          Rampage  .   (gloves unavailable)
Will    .....                   (boots unavailable)
Stlth   ..........              (no amulet)
HPRegen 0.26/turn               (no ring)
MPRegen 0.10/turn               (no ring)

@: brilliant, berserking, very quick
A: large, unfitting armour, tough skin 1
a: Renounce Religion, Berserk


You were on level 5 of the Dungeon.
You worshipped Trog.
Trog was aware of your devotion.
You visited 1 branch of the dungeon, and saw 4 of its levels.

You collected 93 gold pieces.

Inventory:

Hand Weapons
 h - a +3 whip (weapon)
Armour
 b - a +0 animal skin (worn)
Scrolls
 c - a scroll of identify


   Skills:
 * Level 6.0 Fighting
 + Level 4.0 Maces & Flails
 * Level 4.1 Dodging


You had 5 spell levels left.
You didn't know any spells.
Your spell library was empty.

Dungeon Overview and Level Annotations

Branches:
Dungeon (5/15)
 Temple: D:4-7

Altars:

Shops:
D:1 *((

Annotations:
D:4 Pikel


Innate Abilities, Weirdness & Mutations

You are too large for most types of armour.
You have tough skin. (AC +1)


Message History

You barely miss the phantom.
The phantom is moderately damaged.
The phantom barely misses you.
Okay, then.
You hit the phantom.
The phantom is moderately damaged.
You recover from your berserk rage.
A red film seems to cover your vision as you go berserk!
You feel yourself moving faster!
You feel mighty! The phantom hits you!
* * * LOW HITPOINT WARNING * * *
You whack the phantom!
The phantom is severely damaged.
The phantom hits you.
* * * LOW HITPOINT WARNING * * *
You barely miss the phantom.
The phantom is severely damaged.
The phantom hits you.
* * * LOW HITPOINT WARNING * * *
You barely miss the phantom.
The phantom is severely damaged.
You whack the phantom!
You destroy the phantom!
Trog accepts your kill.
Your Dodging skill increases to level 4!
You closely miss the hound. You whack the hound!
The hound is heavily wounded.
The hound bites you but does no damage.
You hit the hound.
The hound is heavily wounded.
The hound bites you but does no damage. The gnoll barely misses you.
You whack the hound!
You kill the hound!
Trog accepts your kill.
Your Fighting skill increases to level 6!
Your Maces & Flails skill increases to level 4!
You have reached level 6!
You feel stronger. The gnoll hits you with a +0 halberd!
You die...

###########
#.@gg.....#
#########.#
#####.######
#..h.......####
#g####.........
#.# #..........
##g###g#'###....
#....hg.......##
#######..#######


You could see 2 gnolls.

Vanquished Creatures
  An ogre (D:5)
  A lemure (D:5)
  A phantom (D:5)
  A hound (D:5)
  An adder (D:2)
  A dart slug (D:1)
  7 ball pythons
  3 bats
  3 endoplasms (D:2)
  6 giant cockroaches
  A goblin (D:1)
  4 hobgoblins
  7 kobolds
  2 quokkas (D:2)
  2 rats (D:2)
41 creatures vanquished.

Notes
Turn   | Place    | Note
-------+----------+-------------------------------------------
     0 | D:1      | bobregger the Ogre Berserker began the quest for the Orb.
     0 | D:1      | Reached XP level 1. HP: 24/24 MP: 1/1
   187 | D:1      | Reached XP level 2. HP: 30/32 MP: 2/2
   189 | D:1      | Found Tecs's Weapon Emporium.
   199 | D:1      | Found Uxack's Assorted Antiques.
   629 | D:1      | Found Zidun's Antique Weapon Shoppe.
   900 | D:2      | Reached XP level 3. HP: 40/40 MP: 3/3
  1222 | D:2      | Reached ** piety under Trog
  1730 | D:2      | You fall into a shaft and drop 2 floors!
  1730 | D:4      | Noticed Pikel
  1730 | D:4      | Noticed a lemure
  1730 | D:4      | Noticed a lemure
  1730 | D:4      | Noticed a lemure
  1730 | D:4      | Noticed a lemure
  1751 | D:5      | Entered Level 5 of the Dungeon
  1751 | D:5      | Noticed an ogre
  1752 | D:5      | Noticed a phantom
  1758 | D:5      | Killed a lemure
  1762 | D:5      | Killed an ogre
  1763 | D:5      | Reached skill level 5 in Fighting
  1763 | D:5      | Reached XP level 4. HP: 18/50 MP: 4/4
  1763 | D:5      | Reached XP level 5. HP: 20/57 MP: 5/5
  1769 | D:5      | HP: 2/57 [phantom (8)]
  1812 | D:5      | HP: 4/85 [phantom (5)]
  1815 | D:5      | Killed a phantom
  1820 | D:5      | Reached skill level 6 in Fighting
  1820 | D:5      | Reached XP level 6. HP: 4/67 MP: 6/6
  1820 | D:5      | Slain by a gnoll

Illustrated notes

Levels and vault maps discovered:
D:1:      dpeg_arrival_boxes_within_box, layout_rooms, serial_shops,
          nicolae_shop_statue_plus, shop, nicolae_shop_crystal
D:2:      minmay_general_purpose_star, layout_loops_corners, basic_altar
D:4:      layout_loops_ring, uniq_menkaure, uniq_pikel
D:5:      minmay_recursive_quarters, layout_basic,
          grunt_temple_overflow_holy_war, hangedman_abyss_or_decor_stagger,
          lightli_corner_chamber, uniq_edmund, uniq_ijyb

Skill      XL: |  1  2  3  4  5 |
---------------+----------------+-----
Maces & Flails | 3 4 |  4.0
Dodging        | 3 4 |  4.1
Fighting       | 5 6 |  6.0

Action                   |  1- 3 |  4- 6 || total
-------------------------+-------+-------++-------
Melee: Mace              |    81 |       ||    81
       Punch             |     2 |       ||     2
       Whip              |    23 |    18 ||    41
Invok: Berserk           |     1 |     1 ||     2
       Trog's Hand       |       |     1 ||     1
  Use: Scroll            |     5 |       ||     5
       Potion            |       |     2 ||     2
Armor: Animal skin       |    25 |     5 ||    30
Dodge: Dodged            |    58 |    12 ||    70
